[Event "Titled Tuesday Blitz April 11 Late 2023"]
[White "Balog, Imre"]
[Black "Adewumi, Tanitoluwa"]
[WhiteFideId "728446"]
[BlackFideId "30966396"]
[WhiteElo "2570"]
[BlackElo "2283"]
[Result "1-0"]
[Round "02"]
[TimeControl "180+2"]
[Date "2023.04.11"]
[WhiteClock "0:00:34"]
[BlackClock "0:00:09"]

1. e4 c5 2. Nf3 e6 3. d4 cxd4 4. Nxd4 Nc6 5. Nc3 Qc7 6. g3 a6 7. Bg2 d6 8. O-O Be7 9. Nxc6 bxc6 10. e5 dxe5 11. Re1 f6 12. Be3 h5 13. Qd3 Kf7 14. Na4 Rb8 15. a3 a5 16. Qc3 Ba6 17. Nc5 Bc8 18. b4 axb4 19. axb4 Nh6 20. Na6 Bxa6 21. Rxa6 Bxb4 22. Rxc6 Qd7 23. Rc7 Bxc3 24. Rxd7+ Kg6 25. Red1 Nf5 26. Be4 Rb4 27. Bd3 e4 28. Be2 Nxe3 29. fxe3 Rb2 30. Bc4 Re8 31. Bb3 Bb4 32. R1d4 Bc5 33. Rxe4 Rb1+ 34. Kg2 Re1 35. Bxe6 Kh6 36. Rd3 Re2+ 37. Kh3 Rxc2 38. Bf5 Rxe4 39. Bxe4 g5 40. g4 Re2 41. Bf3 hxg4+ 42. Kxg4 Rxh2 43. e4 Rh4+ 44. Kf5 Rf4+ 45. Ke6 g4 46. Bg2 Kg5 47. Rd5+ Kh4 48. Rxc5 Rf2 49. Bh1 g3 50. Rf5 Kh3 51. Kxf6 Kh2 52. Bf3 Rf1 53. e5 Re1 54. Rh5+ Kg1 55. Rh1+ Kf2 56. Rxe1 Kxf3 57. Rg1 g2 58. e6 Kf2 59. Rxg2+ Kxg2 60. e7 Kf3 61. e8=Q Kg3 62. Qe4 Kf2 63. Qd3 Kg2 64. Kf5 Kh2 65. Kg4 Kg1 66. Qe2 Kh1 67. Kg3 Kg1 68. Qg2# 1-0


[Site "https://www.chess.com"]

[Event "Titled Tuesday Blitz April 11 Late 2023"]
[White "Colas, Joshua"]
[Black "Hartikainen, Jarmo"]
[WhiteFideId "2044447"]
[BlackFideId "503134"]
[WhiteElo "2347"]
[BlackElo "2108"]
[Result "1-0"]
[Round "02"]
[TimeControl "180+2"]
[Date "2023.04.11"]
[WhiteClock "0:01:18"]
[BlackClock "0:00:03"]

1. Nf3 Nf6 2. c4 c5 3. b3 g6 4. Bb2 Bg7 5. g3 O-O 6. Bg2 Nc6 7. O-O d6 8. d4 Ng4 9. Qd2 cxd4 10. Nxd4 Nxd4 11. Bxd4 Ne5 12. Nc3 a6 13. Nd5 Nd7 14. Bxg7 Kxg7 15. Qd4+ f6 16. f4 e5 17. fxe5 dxe5 18. Qb2 Nb6 19. Rad1 Nxd5 20. Rxd5 Qb6+ 21. c5 Qb5 22. Rxe5 Bg4 23. Re7+ Kh8 24. Rxf6 Qxc5+ 25. Rf2+ Kg8 26. Qg7# 1-0


[Site "https://www.chess.com"]

[Event "Titled Tuesday Blitz April 11 Late 2023"]
[White "Torres Dominguez, David"]
[Black "De La Colina, Nicolas"]
[WhiteFideId "2220857"]
[BlackFideId "30946921"]
[WhiteElo "1999"]
[BlackElo "2046"]
[Result "1/2-1/2"]
[Round "02"]
[TimeControl "180+2"]
[Date "2023.04.11"]
[WhiteClock "0:01:18"]
[BlackClock "0:00:09"]

1. e4 c5 2. Nc3 Nc6 3. Bb5 Nd4 4. Bc4 e6 5. Nge2 Nf6 6. O-O a6 7. Bb3 Nxb3 8. axb3 d6 9. d3 b6 10. f4 Bb7 11. Ng3 Be7 12. f5 Qc7 13. fxe6 fxe6 14. Nh5 O-O 15. Nxf6+ Bxf6 16. Bf4 b5 17. Qg4 Qe7 18. Qg3 Bd4+ 19. Kh1 Rad8 20. Bg5 Bf6 21. Bxf6 Rxf6 22. Rxf6 Qxf6 23. Qf3 Qe7 24. Rf1 b4 25. Ne2 Rf8 26. Qxf8+ Qxf8 27. Rxf8+ Kxf8 28. Kg1 Ke7 29. Kf2 a5 30. Ke3 Ba6 31. g3 Bb5 32. Ng1 a4 33. bxa4 Bxa4 34. c3 bxc3 35. bxc3 Bd1 36. Nh3 h6 37. d4 cxd4+ 38. cxd4 Ba4 39. e5 dxe5 40. dxe5 Bc6 41. Nf2 Bd5 42. h4 Kf7 43. Nd3 Ke7 44. Nf4 Bc6 45. Ne2 Bd5 46. Nf4 Bc6 47. Nh3 Kf7 48. Kf4 Bd5 49. Nf2 Kg6 50. Nd1 Kh5 51. Ne3 Ba2 52. Nc2 g5+ 53. hxg5 hxg5+ 54. Kf3 Bd5+ 55. Kf2 Kg4 56. Nd4 Kh3 57. Nf3 Kg4 58. Nd4 Kh3 59. Ne2 Kh2 60. Nd4 Kh3 1/2-1/2


[Site "https://www.chess.com"]

[Event "Titled Tuesday Blitz April 11 Late 2023"]
[White "Vargas, Mauricio"]
[Black "Nazari, Arad"]
[WhiteFideId "4404572"]
[BlackFideId "12577324"]
[WhiteElo "1998"]
[BlackElo "2242"]
[Result "0-1"]
[Round "02"]
[TimeControl "180+2"]
[Date "2023.04.11"]
[WhiteClock "0:00:09"]
[BlackClock "0:02:23"]

1. e4 c5 2. g3 d6 3. Bg2 g6 4. f4 Bg7 5. Nf3 e6 6. O-O Ne7 7. d3 O-O 8. Qe1 Nbc6 9. c3 b5 10. Nbd2 Rb8 11. h3 a5 12. Kh2 a4 13. g4 a3 14. f5 b4 15. cxb4 axb2 16. Bxb2 Bxb2 17. Rb1 Rxb4 18. Qh4 Nxf5 19. Ng5 Nxh4 0-1


[Site "https://www.chess.com"]

[Event "Titled Tuesday Blitz April 11 Late 2023"]
[White "Sargsyan, Shant"]
[Black "Eisa Mohmood, Alkhoori"]
[WhiteFideId "13306766"]
[BlackFideId "9316116"]
[WhiteElo "2628"]
[BlackElo "1310"]
[Result "1-0"]
[Round "02"]
[TimeControl "180+2"]
[Date "2023.04.11"]
[WhiteClock "0:02:36"]
[BlackClock "0:01:51"]

1. g3 Nf6 2. Nf3 d5 3. Bg2 g6 4. O-O Bg7 5. d3 O-O 6. Nbd2 c5 7. c3 Nc6 8. e4 dxe4 9. dxe4 e5 10. Qe2 Qc7 11. Nc4 b5 12. Ne3 Bb7 13. Rd1 Nxe4 14. Nd5 Qd6 15. Qxe4 Rad8 16. Bg5 Nd4 17. cxd4 Bxd5 18. dxe5 Qe6 19. Qe3 Rc8 20. Bf6 Bxf6 21. exf6 Qxe3 22. fxe3 Rfd8 23. Ne5 Bxg2 24. Kxg2 1-0


[Site "https://www.chess.com"]

[Event "Titled Tuesday Blitz April 11 Late 2023"]
[White "Gschnitzer, Adrian"]
[Black "Ibarra Jerez, Jose Carlos"]
[WhiteFideId "1270337"]
[BlackFideId "2226332"]
[WhiteElo "2338"]
[BlackElo "2638"]
[Result "1/2-1/2"]
[Round "02"]
[TimeControl "180+2"]
[Date "2023.04.11"]
[WhiteClock "0:00:09"]
[BlackClock "0:00:04"]

1. e4 c5 2. Nf3 e6 3. d4 cxd4 4. Nxd4 Bc5 5. Nb3 Bb6 6. Nc3 Ne7 7. Qe2 O-O 8. Be3 f5 9. O-O-O f4 10. Bxb6 Qxb6 11. Kb1 Ng6 12. f3 Nc6 13. g4 a6 14. h4 Nge5 15. h5 Qc7 16. Nd5 Qd8 17. Nc5 d6 18. Nc3 Qc7 19. Nb3 b5 20. g5 Bb7 21. Bh3 Rae8 22. Nd4 Nxd4 23. Rxd4 Nc4 24. Rhd1 Qc5 25. b3 Na3+ 26. Kb2 b4 27. Na4 Qe5 28. c3 a5 29. Rxd6 Nb5 30. Rxe6 bxc3+ 31. Kc1 Rxe6 32. Bxe6+ Kh8 33. Bd5 c2 34. Kxc2 Rc8+ 35. Bc4 Na3+ 36. Kd2 Nxc4+ 37. bxc4 Qd6+ 38. Qd3 Qb4+ 39. Nc3 Ba6 40. h6 Bxc4 41. Qd4 Qe7 42. hxg7+ Qxg7 43. Qxg7+ Kxg7 44. Rb1 Rd8+ 45. Kc1 Rd3 46. Nd1 Rxf3 47. Rb7+ Kg6 48. Rc7 Bxa2 49. Rc5 a4 50. Kb2 Bb3 51. Nc3 Rf2+ 52. Ka3 Rg2 53. Nd5 Bxd5 54. exd5 Rd2 55. Kxa4 Kxg5 56. Rc7 h5 57. Rd7 f3 58. Kb4 f2 59. Rf7 Kg4 60. Kc3 Ra2 61. d6 Kg3 62. d7 Ra8 63. Kd2 Kg2 64. Ke2 Ra2+ 65. Ke3 Ra3+ 66. Ke2 Ra2+ 67. Ke3 Ra3+ 68. Ke2 Ra8 69. Rg7+ Kh3 70. Kxf2 Rd8 71. Kf3 h4 72. Rh7 Rf8+ 73. Ke4 Kg3 74. Ke5 h3 75. Ke6 Rd8 76. Ke7 Rxd7+ 77. Kxd7 h2 78. Ke6 Kg2 79. Kf5 h1=Q 80. Rxh1 Kxh1 1/2-1/2


[Site "https://www.chess.com"]

[Event "Titled Tuesday Blitz April 11 Late 2023"]
[White "Grigorjev, Iljya"]
[Black "Skawinski, Arkadiusz"]
[WhiteFideId "24159565"]
[BlackFideId "1126415"]
[WhiteElo "2323"]
[BlackElo "2248"]
[Result "1-0"]
[Round "02"]
[TimeControl "180+2"]
[Date "2023.04.11"]
[WhiteClock "0:01:20"]
[BlackClock "0:01:32"]

1. d4 d5 2. c4 e6 3. Nf3 Nf6 4. g3 Be7 5. Bg2 O-O 6. O-O dxc4 7. Qc2 a6 8. a4 Bd7 9. Qxc4 Bc6 10. Bg5 Bd5 11. Qd3 Be4 12. Qe3 Bxb1 13. Raxb1 Nc6 14. Rfd1 Nb4 15. Qb3 a5 16. e3 c6 17. Bxf6 Bxf6 18. Nd2 e5 19. dxe5 Bxe5 20. Nc4 Qe7 21. Nxe5 Qxe5 22. Rd7 Rad8 23. Rxb7 Rd2 24. Qc3 Qd6 25. Rf1 Rc2 26. Qb3 Qd2 27. Bh3 Rxb2 28. Qxf7+ 1-0


[Site "https://www.chess.com"]

[Event "Titled Tuesday Blitz April 11 Late 2023"]
[White "Jimenez Jimenez, Leandro"]
[Black "Kovalev, Vladislav"]
[WhiteFideId "6415253"]
[BlackFideId "13504398"]
[WhiteElo "2263"]
[BlackElo "2555"]
[Result "0-1"]
[Round "02"]
[TimeControl "180+2"]
[Date "2023.04.11"]
[WhiteClock "0:00:01"]
[BlackClock "0:00:08"]

1. d4 Nf6 2. c4 g6 3. Nc3 Bg7 4. e4 d6 5. f3 O-O 6. Be3 c5 7. d5 e6 8. Nge2 Re8 9. Ng3 h5 10. Be2 h4 11. Nf1 exd5 12. cxd5 a6 13. a4 Nh5 14. Nd2 Bd4 15. Nc4 Bxe3 16. Nxe3 Qg5 17. Qd2 Nf4 18. O-O-O b5 19. g3 Nxe2+ 20. Nxe2 Nd7 21. gxh4 Qxh4 22. Ng4 Ne5 23. Nxe5 Rxe5 24. Ng3 Bh3 25. f4 Ree8 26. Rhg1 Kh7 27. Rde1 bxa4 28. f5 a3 29. bxa3 Rab8 30. fxg6+ fxg6 31. Re3 Qh6 32. Rf3 Rb1+ 33. Kxb1 Qxd2 34. Rf7+ Kg8 35. Rb7 Qd3+ 36. Ka2 Rxe4 37. Nxe4 Qxe4 38. Rgb1 Qxd5+ 39. Ka1 Be6 40. Rb8+ Kf7 41. R1b7+ Kf6 42. Rf8+ Ke5 43. Rb2 Qd4 44. Rf2 Bf5 45. Re2+ Kf6 46. Rd2 Qg1+ 47. Ka2 Be6+ 0-1


[Site "https://www.chess.com"]

[Event "Titled Tuesday Blitz April 11 Late 2023"]
[White "Lobanov, Sergei"]
[Black "Bouget, Alexandre"]
[WhiteFideId "24183750"]
[BlackFideId "681318"]
[WhiteElo "2489"]
[BlackElo "2182"]
[Result "1-0"]
[Round "02"]
[TimeControl "180+2"]
[Date "2023.04.11"]
[WhiteClock "0:00:06"]
[BlackClock "0:00:02"]

1. d4 Nf6 2. c4 g6 3. Nc3 d5 4. cxd5 Nxd5 5. Bd2 Bg7 6. e4 Nxc3 7. Bxc3 c5 8. d5 Bxc3+ 9. bxc3 O-O 10. Qd2 e6 11. c4 exd5 12. cxd5 Re8 13. f3 Qd6 14. Kf2 c4 15. Ne2 Nd7 16. Nc3 Ne5 17. Be2 Bd7 18. f4 Ng4+ 19. Bxg4 Bxg4 20. Kg3 Bd7 21. e5 Qc5 22. Ne4 Qa3+ 23. Kh4 Kg7 24. Qd4 Qd3 25. Qxd3 cxd3 26. Rab1 b6 27. Rhd1 Red8 28. Nd6 Ba4 29. Rd2 Bc2 30. Rb4 Rxd6 31. exd6 Rd8 32. Rd4 Rxd6 33. g4 Kf6 34. Kg3 a5 35. a4 h6 36. h4 Kg7 37. g5 h5 38. f5 Kf8 39. f6 Ke8 40. Kf4 Kd7 41. Ke5 Kc7 42. Rc4+ Kd7 43. Rf2 Bb3 44. Rd4 Bc2 45. Rd2 Bb1 46. R4xd3 Bxd3 47. Rxd3 b5 48. axb5 Rb6 49. Rb3 a4 50. Rb4 a3 51. Ra4 Rxb5 52. Ra7+ Ke8 53. Rxa3 Rb6 54. Ra8+ Kd7 55. Rf8 Rb4 56. Rxf7+ Ke8 57. Rg7 Rxh4 58. d6 Rg4 59. Ke6 Re4+ 60. Kd5 Re1 61. Rxg6 1-0


[Site "https://www.chess.com"]

[Event "Titled Tuesday Blitz April 11 Late 2023"]
[White "Garcia Cuenca, Victor"]
[Black "Milikow, Yoav"]
[WhiteFideId "2250829"]
[BlackFideId "2822237"]
[WhiteElo "2329"]
[BlackElo "2410"]
[Result "0-1"]
[Round "02"]
[TimeControl "180+2"]
[Date "2023.04.11"]
[WhiteClock "0:00:32"]
[BlackClock "0:00:34"]

1. d4 d5 2. e3 Nf6 3. Nf3 Bg4 4. Be2 e6 5. O-O Nbd7 6. Nbd2 Bd6 7. b3 c6 8. Bb2 Qe7 9. c4 O-O 10. Rc1 Ba3 11. Bxa3 Qxa3 12. Qc2 Bf5 13. Qc3 a5 14. Nh4 Be4 15. f3 Bg6 16. Nxg6 hxg6 17. e4 dxe4 18. fxe4 e5 19. dxe5 Qc5+ 20. Kh1 Nxe5 21. Nf3 Rfe8 22. Nxe5 Qxe5 23. Bf3 Qxc3 24. Rxc3 Nxe4 25. Rc2 Nc5 26. g3 Re7 27. Kg2 Rd8 28. Rff2 Nd3 29. Rfe2 Ne1+ 30. Kf2 Nd3+ 31. Kf1 Red7 32. Rcd2 Kf8 33. Bg4 Rd4 34. Bh3 a4 35. Re3 a3 36. Bg2 Nb4 37. Rxd4 Rxd4 38. Re2 Rd1+ 39. Kf2 Ra1 0-1


[Site "https://www.chess.com"]

[Event "Titled Tuesday Blitz April 11 Late 2023"]
[White "Levitskiy, Andrey"]
[Black "Gurevich, Dmitry"]
[WhiteFideId "14132885"]
[BlackFideId "2000407"]
[WhiteElo "2341"]
[BlackElo "2506"]
[Result "1-0"]
[Round "02"]
[TimeControl "180+2"]
[Date "2023.04.11"]
[WhiteClock "0:00:06"]
[BlackClock "0:00:02"]

1. e4 c5 2. Nf3 d6 3. d4 cxd4 4. Nxd4 Nf6 5. Nc3 Nc6 6. Bc4 e6 7. Be3 a6 8. Bb3 Be7 9. Qe2 Qc7 10. O-O-O Na5 11. g4 b5 12. g5 Nxb3+ 13. Nxb3 Nd7 14. a3 Bb7 15. h4 Nc5 16. Bd4 Nxb3+ 17. cxb3 e5 18. Be3 Bxe4 19. Rhe1 O-O 20. Bb6 Qxb6 21. Qxe4 Qxf2 22. Nd5 Bd8 23. Rf1 Qc5+ 24. Kb1 Rb8 25. Rg1 f5 26. gxf6 Bxf6 27. h5 Kh8 28. Qg4 Rb7 29. Qe6 Qc8 30. Qxd6 Qf5+ 31. Ka2 Rd8 32. Qc6 Rbb8 33. h6 Rbc8 34. hxg7+ Bxg7 35. Qb7 Qd7 36. Qxa6 Qf7 37. Nb4 e4 38. Rde1 e3 39. Re2 Rc7 40. Qxb5 Rcd7 41. Qg5 Bd4 42. Rge1 Qf6 43. Qg4 Be5 44. Qe4 Rd2 45. Qxe3 Rxb2+ 46. Rxb2 Bxb2 47. Re2 Bc3 48. Nc2 Rb8 49. Rf2 Qb6 50. Qxb6 Rxb6 51. b4 Be5 52. Kb3 Rf6 53. Re2 Rf5 54. a4 Rg5 55. Ne3 Rg3 56. Kc4 Bf4 57. Nd5 Bd6 58. a5 1-0


[Site "https://www.chess.com"]

[Event "Titled Tuesday Blitz April 11 Late 2023"]
[White "Perske, Thore"]
[Black "Vifleemskaia, Svetlana"]
[WhiteFideId "12902195"]
[BlackFideId "4129490"]
[WhiteElo "2336"]
[BlackElo "1930"]
[Result "1-0"]
[Round "02"]
[TimeControl "180+2"]
[Date "2023.04.11"]
[WhiteClock "0:00:59"]
[BlackClock "0:00:01"]

1. d4 Nf6 2. g3 d5 3. Bg2 b5 4. Nf3 Bb7 5. O-O e6 6. a4 b4 7. a5 a6 8. Ne5 c5 9. c3 Nbd7 10. cxb4 cxb4 11. Qa4 Bd6 12. Bf4 Qb8 13. Nd2 Ke7 14. Ndf3 Rc8 15. Rfc1 Ra7 16. h4 h6 17. Rxc8 Qxc8 18. Nxd7 Qxd7 19. Bxd6+ Qxd6 20. Ne5 Ra8 21. Rc1 Ne8 22. Nd3 Rc8 23. Rxc8 Bxc8 24. Qxb4 Qxb4 25. Nxb4 Nd6 26. Nd3 Nc4 27. b4 f6 28. e3 Kd6 29. Bf1 Na3 30. Nc5 1-0


[Site "https://www.chess.com"]

[Event "Titled Tuesday Blitz April 11 Late 2023"]
[White "Thomas, Anysia"]
[Black "Karas, Marek"]
[WhiteFideId "670472"]
[BlackFideId "14928558"]
[WhiteElo "2091"]
[BlackElo "2233"]
[Result "1-0"]
[Round "02"]
[TimeControl "180+2"]
[Date "2023.04.11"]
[WhiteClock "0:00:06"]
[BlackClock "0:00:03"]

1. d4 Nf6 2. c4 g6 3. Nc3 Bg7 4. e4 d6 5. h3 O-O 6. Nf3 e5 7. d5 a5 8. g4 Na6 9. Be3 Nc5 10. Nd2 c6 11. Be2 cxd5 12. cxd5 Ne8 13. h4 f5 14. exf5 gxf5 15. h5 fxg4 16. h6 Bf6 17. Bxc5 dxc5 18. Bxg4 Nd6 19. Nde4 Kh8 20. Rg1 Bh4 21. Bxc8 Rxc8 22. Qg4 Nf5 23. O-O-O b6 24. Rg2 Qd7 25. Rdg1 Rcd8 26. Qg7+ Nxg7 27. hxg7+ Qxg7 28. Rxg7 Bxf2 29. Nxf2 Rxf2 30. Ne4 Rf4 31. Nc3 a4 32. Re7 a3 33. Rxe5 axb2+ 34. Kxb2 Rf2+ 35. Kb3 Rf7 36. Rh1 Rfd7 37. Rhe1 Kg8 38. Re8+ Rxe8 39. Rxe8+ Kf7 40. Rb8 Rd6 41. Kc4 h5 42. Rb7+ Kg6 43. Ne4 Rd8 44. Rxb6+ Kf5 45. Ng3+ Kg4 46. Nxh5 Kxh5 47. Kxc5 Rc8+ 48. Rc6 Ra8 49. d6 Kg6 50. d7+ Kf7 51. Rc8 Rxa2 52. d8=Q Rc2+ 53. Kd6 Rd2+ 54. Kc7 Rc2+ 55. Kb7 Rb2+ 56. Ka6 Ra2+ 57. Kb5 Rb2+ 58. Ka4 Ra2+ 59. Kb3 Re2 60. Qf8+ Kg6 61. Rc6+ Kg5 62. Qg7+ Kf4 63. Rf6+ Ke3 64. Qe7+ Kd2 65. Rd6+ Ke1 66. Qh4+ Kf1 67. Rd1+ Kg2 68. Qg4+ Kf2 69. Qg1+ Kf3 70. Rd3+ Ke4 71. Qd4+ Kf5 72. Rf3+ Kg5 73. Qf4+ Kh5 74. Rh3+ Kg6 75. Rg3+ Kh7 76. Qh4# 1-0


[Site "https://www.chess.com"]

[Event "Titled Tuesday Blitz April 11 Late 2023"]
[White "Firouzja, Alireza"]
[Black "Estrada Nieto, Julian"]
[WhiteFideId "12573981"]
[BlackFideId "5101018"]
[WhiteElo "2904"]
[BlackElo "2161"]
[Result "1-0"]
[Round "02"]
[TimeControl "180+2"]
[Date "2023.04.11"]
[WhiteClock "0:00:11"]
[BlackClock "0:00:02"]

1. d4 d5 2. c4 dxc4 3. Nf3 Nf6 4. e3 e6 5. Bxc4 c5 6. O-O a6 7. Bd3 cxd4 8. exd4 Nc6 9. Nc3 Be7 10. Bg5 O-O 11. Re1 Bd7 12. Rc1 Nb4 13. Bb1 Bc6 14. Ne5 Rc8 15. Re3 g6 16. Rh3 Nbd5 17. Qe2 Nxc3 18. bxc3 Nd5 19. Bh6 Bg5 20. Nxc6 Rxc6 21. Bxg5 Qxg5 22. Qf1 Nf4 23. Re3 Rfc8 24. Be4 Rb6 25. c4 Rb2 26. Kh1 Rd8 27. g3 Ne2 28. h4 Qxe3 29. fxe3 Nxg3+ 30. Kg1 Nxf1 31. Kxf1 b6 32. a4 f5 33. Bf3 Rb4 34. a5 Rb8 35. Kf2 Rb2+ 36. Kg3 bxa5 37. c5 R2b3 38. Kf4 Rc8 39. c6 Rc7 40. d5 1-0


[Site "https://www.chess.com"]

[Event "Titled Tuesday Blitz April 11 Late 2023"]
[White "Kujawski, Adam"]
[Black "Gholami Orimi, Mahdi"]
[WhiteFideId "1100920"]
[BlackFideId "12558486"]
[WhiteElo "2054"]
[BlackElo "2363"]
[Result "1-0"]
[Round "02"]
[TimeControl "180+2"]
[Date "2023.04.11"]
[WhiteClock "0:00:09"]
[BlackClock "0:00:12"]

1. e4 c5 2. Nf3 Nc6 3. Nc3 d6 4. d4 cxd4 5. Nxd4 Nf6 6. Bg5 e6 7. Qd2 a6 8. O-O-O Bd7 9. f4 Be7 10. Nf3 b5 11. Bxf6 gxf6 12. f5 Qb6 13. Kb1 O-O-O 14. g3 h5 15. fxe6 fxe6 16. Bh3 Kb8 17. Ne2 Bc8 18. Nf4 Ne5 19. Qe2 Ng4 20. Bxg4 hxg4 21. Nd4 e5 22. Nd5 Qb7 23. Nf5 Bxf5 24. exf5 Rc8 25. Rd3 Bd8 26. Rhd1 Rc5 27. Qxg4 Rxh2 28. Qg8 Qc8 29. c3 a5 30. g4 Rc4 31. Qe6 Rxg4 32. Qxc8+ Kxc8 33. Ne3 Re4 34. Rxd6 Bc7 35. R6d3 Bb6 36. Nd5 Bc5 37. Nxf6 Ree2 38. Rd8+ Kc7 39. R1d7+ Kb6 40. Nd5+ Kc6 41. Rc7# 1-0


[Site "https://www.chess.com"]

[Event "Titled Tuesday Blitz April 11 Late 2023"]
[White "Torrente, Alejandro Josue"]
[Black "Kravtsiv, Martyn"]
[WhiteFideId "4437969"]
[BlackFideId "14113147"]
[WhiteElo "2025"]
[BlackElo "2695"]
[Result "0-1"]
[Round "02"]
[TimeControl "180+2"]
[Date "2023.04.11"]
[WhiteClock "0:00:57"]
[BlackClock "0:00:28"]

1. e4 g6 2. Nf3 Bg7 3. d4 c6 4. Nc3 d5 5. e5 Bg4 6. h3 Bxf3 7. Qxf3 e6 8. Bd3 Nd7 9. Ne2 Ne7 10. c3 Qc7 11. Bg5 h6 12. Bxe7 Kxe7 13. O-O Raf8 14. Qg4 Kd8 15. b4 Kc8 16. a4 Kb8 17. b5 c5 18. a5 Qd8 19. dxc5 Nxc5 20. Bc2 Bxe5 21. Nd4 Qg5 22. Qe2 Qf6 23. a6 Bxd4 24. cxd4 Qxd4 25. axb7 Nxb7 26. b6 axb6 27. Qa6 Kc7 28. Rfc1 Ra8 29. Ba4+ Nc5 30. Qb5 Kd6 31. Qxb6+ Ke5 32. Qc7+ Kf6 33. Qxc5 Rxa4 34. Rxa4 Qxa4 35. Qc3+ d4 36. Qf3+ Kg7 37. Rc7 Rf8 38. Qf4 Kg8 39. Rd7 Qxd7 0-1


[Site "https://www.chess.com"]

[Event "Titled Tuesday Blitz April 11 Late 2023"]
[White "Dzierzak, Radoslaw"]
[Black "Gorshtein, Ido"]
[WhiteFideId "1161407"]
[BlackFideId "2815532"]
[WhiteElo "2166"]
[BlackElo "2415"]
[Result "1-0"]
[Round "02"]
[TimeControl "180+2"]
[Date "2023.04.11"]
[WhiteClock "0:00:01"]
[BlackClock "0:00:09"]

1. e4 c5 2. Nf3 Nc6 3. d4 cxd4 4. Nxd4 Nf6 5. Nc3 e5 6. Ndb5 d6 7. Bg5 a6 8. Bxf6 gxf6 9. Na3 b5 10. Nd5 f5 11. g3 fxe4 12. Bg2 Bf5 13. f3 exf3 14. Qxf3 Nd4 15. Nf6+ Qxf6 16. Qxa8+ Qd8 17. Qxd8+ Kxd8 18. c3 Ne6 19. Rf1 Bg6 20. O-O-O Bh6+ 21. Rd2 Nc5 22. Kd1 Bxd2 23. Kxd2 Ke7 24. Nc2 Bxc2 25. Kxc2 h5 26. Bd5 f6 27. b4 Nd7 28. Bb7 h4 29. Bxa6 hxg3 30. hxg3 Rb8 31. Kb3 d5 32. a4 bxa4+ 33. Kxa4 Ra8 34. b5 Nb6+ 35. Kb4 Ke6 36. Kc5 Rb8 37. Kc6 Na4 38. Rc1 Rb6+ 39. Kc7 Rd6 40. Bc8+ Ke7 41. Ra1 Nxc3 42. b6 Nb5+ 43. Kb7 e4 44. Ra5 Nc3 45. Kc7 e3 46. b7 e2 47. b8=Q e1=Q 48. Qb4 Qe5 49. Kb7 Kf7 50. Ka8 Ne4 51. Ra7+ Kg6 52. Qb7 Ng5 53. Qg7+ Kh5 54. Qh8+ Kg6 55. Qg8+ Kh5 56. Qh8+ Kg6 57. Rg7# 1-0


[Site "https://www.chess.com"]

[Event "Titled Tuesday Blitz April 11 Late 2023"]
[White "Harvey, Marcus R"]
[Black "Bernat, David"]
[WhiteFideId "400092"]
[BlackFideId "2099225"]
[WhiteElo "2457"]
[BlackElo "1862"]
[Result "1-0"]
[Round "02"]
[TimeControl "180+2"]
[Date "2023.04.11"]
[WhiteClock "0:00:24"]
[BlackClock "0:00:02"]

1. c4 c5 2. Nc3 Nc6 3. g3 g6 4. Bg2 Bg7 5. d3 d6 6. Qd2 e5 7. b3 Nge7 8. Bb2 O-O 9. e3 Be6 10. Nge2 d5 11. cxd5 Nxd5 12. O-O Rc8 13. Rfd1 b6 14. Rac1 Qd7 15. f4 exf4 16. gxf4 Rfd8 17. Ne4 f5 18. Bxg7 Qxg7 19. Ng5 Bf7 20. d4 Nf6 21. Qb2 Bd5 22. dxc5 Bxg2 23. Kxg2 Qe7 24. Rxd8+ Rxd8 25. cxb6 Ng4 26. e4 Nb4 27. Rc7 Nd3 28. Rxe7 Nxb2 29. exf5 gxf5 30. bxa7 Ra8 31. Nxh7 Nd3 32. h3 Nh6 33. Nf6+ Kf8 34. Re8+ Kf7 35. Rxa8 1-0


[Site "https://www.chess.com"]

[Event "Titled Tuesday Blitz April 11 Late 2023"]
[White "Jaracz, Pawel"]
[Black "Gonzalez Zamora, Juan Carlos"]
[WhiteFideId "1102222"]
[BlackFideId "3507548"]
[WhiteElo "2438"]
[BlackElo "2535"]
[Result "1-0"]
[Round "02"]
[TimeControl "180+2"]
[Date "2023.04.11"]
[WhiteClock "0:01:14"]
[BlackClock "0:00:02"]

1. e4 d6 2. d4 Nf6 3. Nc3 e5 4. Nf3 Nbd7 5. g4 Nxg4 6. Rg1 Ngf6 7. Bc4 Nb6 8. Bb3 exd4 9. Qxd4 Be6 10. Bg5 c5 11. Qe3 c4 12. Ba4+ Nxa4 13. Nxa4 Be7 14. O-O-O Qa5 15. Nc3 O-O-O 16. Nd4 Kb8 17. f4 h6 18. Bh4 g6 19. f5 Bc8 20. fxg6 fxg6 21. Rxg6 Rhf8 22. Qxh6 Rh8 23. Qf4 Nh5 24. Qf2 Bxh4 25. Qxh4 Rdf8 26. Rxd6 Nf4 27. Qg3 Qe5 28. Rd5 Rh3 29. Rxe5 1-0


[Site "https://www.chess.com"]

[Event "Titled Tuesday Blitz April 11 Late 2023"]
[White "Djordjevic, Vuk"]
[Black "Fernandez, Maria Florencia"]
[WhiteFideId "902098"]
[BlackFideId "116459"]
[WhiteElo "2452"]
[BlackElo "2120"]
[Result "1-0"]
[Round "02"]
[TimeControl "180+2"]
[Date "2023.04.11"]
[WhiteClock "0:01:17"]
[BlackClock "0:00:05"]

1. d4 Nf6 2. Bg5 c5 3. Bxf6 gxf6 4. d5 Qb6 5. Qc1 f5 6. c4 Bg7 7. Nc3 d6 8. e3 O-O 9. Qc2 e5 10. Nge2 Nd7 11. Qxf5 Qxb2 12. Rb1 Qa3 13. Rb3 Qa5 14. Ng3 Nf6 15. Qc2 e4 16. Be2 Re8 17. O-O Qc7 18. Ncxe4 Nxe4 19. Nxe4 Qe7 20. Bd3 f5 21. Ng3 f4 22. Bxh7+ Kh8 23. exf4 Qh4 24. Bg6 Rf8 25. Nf5 Qxf4 26. Rh3+ Kg8 27. Ne7# 1-0


[Site "https://www.chess.com"]

[Event "Titled Tuesday Blitz April 11 Late 2023"]
[White "Gerbelli Neto, Eduardo"]
[Black "Zeynalli, Rashad"]
[WhiteFideId "2103281"]
[BlackFideId "13403320"]
[WhiteElo "2178"]
[BlackElo "2125"]
[Result "1-0"]
[Round "02"]
[TimeControl "180+2"]
[Date "2023.04.11"]
[WhiteClock "0:00:31"]
[BlackClock "0:01:13"]

1. e4 c5 2. Nc3 Nc6 3. f4 g6 4. Nf3 Bg7 5. Bc4 d6 6. O-O Nf6 7. d3 O-O 8. Qe1 e6 9. Bb3 d5 10. e5 Nd7 11. Bd2 f6 12. exf6 Nxf6 13. Ne2 b5 14. c3 a5 15. a4 Ba6 16. Bc2 b4 17. Ng3 Rb8 18. Qxe6+ Kh8 19. Qxc6 Bb7 20. Qxc5 bxc3 21. Bxc3 Rc8 22. Qd4 Nh5 23. Ne5 Nxg3 24. hxg3 Qd6 25. Rf3 Ba8 26. g4 Bb7 27. Raf1 Rce8 28. Rh3 Kg8 29. Bb3 Rd8 30. Qa7 Ba8 31. Qxa5 g5 32. Bb4 Qe6 33. Bxf8 gxf4 34. Bxg7 Kxg7 35. Qxd8 1-0


[Site "https://www.chess.com"]

[Event "Titled Tuesday Blitz April 11 Late 2023"]
[White "Manzone, Alessandro"]
[Black "Girsh, Daniel"]
[WhiteFideId "112488"]
[BlackFideId "30949190"]
[WhiteElo "2255"]
[BlackElo "2075"]
[Result "1/2-1/2"]
[Round "02"]
[TimeControl "180+2"]
[Date "2023.04.11"]
[WhiteClock "0:00:09"]
[BlackClock "0:00:52"]

1. d4 Nf6 2. c4 e5 3. dxe5 Ng4 4. Nf3 Nc6 5. Nc3 Bb4 6. Bd2 Ngxe5 7. Nxe5 Nxe5 8. e3 O-O 9. Be2 d6 10. O-O Be6 11. b3 Qd7 12. Nd5 Bxd5 13. Bxb4 Be4 14. Qd4 Bxg2 15. Kxg2 c5 16. Bxc5 Qc6+ 17. f3 Qxc5 18. Qxc5 dxc5 19. Rad1 Rfd8 20. f4 Nc6 21. Bf3 Rxd1 22. Rxd1 Rd8 23. Rxd8+ Nxd8 24. Bd5 Kf8 25. Kf3 Ke7 26. e4 b6 27. f5 f6 28. Kf4 Kd6 29. h4 h6 30. Kg4 a6 31. Kh5 Ke7 32. Kg6 Kf8 33. a4 h5 34. Kxh5 Nf7 35. Kg6 Ne5+ 36. Kh7 a5 37. h5 Ng4 38. Kg6 Nh6 39. Be6 Ng4 40. Bd5 Ne5+ 41. Kh7 Ng4 42. Kg6 1/2-1/2


[Site "https://www.chess.com"]

[Event "Titled Tuesday Blitz April 11 Late 2023"]
[White "Mujumdar, Sameer"]
[Black "Bronstein, Or"]
[WhiteFideId "2029707"]
[BlackFideId "2815770"]
[WhiteElo "2104"]
[BlackElo "2356"]
[Result "0-1"]
[Round "02"]
[TimeControl "180+2"]
[Date "2023.04.11"]
[WhiteClock "0:02:13"]
[BlackClock "0:01:13"]

1. d4 g6 2. c4 Bg7 3. Nc3 d6 4. Nf3 e5 5. e3 Nc6 6. Be2 Nh6 7. O-O O-O 8. b3 Nf5 9. dxe5 dxe5 10. Ba3 Re8 11. Qc2 a5 12. Rad1 Bd7 13. Nd5 e4 14. Bb2 exf3 0-1


[Site "https://www.chess.com"]